 Dungeon Crawl Stone Soup version 0.26-a0-572-g753d7e3450 (webtiles) character file.

Game seed: 11318268130377199124

3712 Eifo4Ohj9gu9Dob0ohLe the Chopper (level 9, -1/79 HPs)
             Began as a Pale Draconian Berserker on Aug 21, 2020.
             Was an Elder of Trog.
             Slain by a two-headed ogre
             ... wielding a +0 giant club
              (8 damage)
             ... on level 7 of the Dungeon.
             The game lasted 00:33:49 (6150 turns).

Eifo4Ohj9gu9Dob0ohLe the Chopper (DrBe)             Turns: 6150, Time: 00:33:50

Health: -1/79      AC:  7    Str: 24    XL:     9   Next: 91%
Magic:  0/9        EV: 12    Int:  7    God:    Trog [****..]
Gold:   611        SH: 11    Dex: 10    Spells: 8/8 levels left

rFire    . . .     SeeInvis .   t - +4 flail (drain)
rCold    . . .     Faith    .   b - +1 kite shield
rNeg     . . .     Spirit   +   (armour unavailable)
rPois    .         Reflect  .   (helmet restricted)
rElec    .         Harm     .   (no cloak)
rCorr    .                      (no gloves)
MR       ++...                  (no boots)
Stlth    ++........             l - amulet of guardian spirit
HPRegen  1.23/turn              (no ring)
MPRegen  0.11/turn              (no ring)

@: berserk cooldown, regenerating, slowed, very slow
A: breathe steam, unfitting armour, cold-blooded, AC +7
a: Breathe Steam, Berserk, Trog's Hand, Brothers in Arms, Renounce Religion


You were on level 7 of the Dungeon.
You worshipped Trog.
Trog was greatly pleased with you.
You visited 1 branch of the dungeon, and saw 8 of its levels.
You also visited: Ossuary.

You collected 611 gold pieces.

Inventory:

Hand Weapons
 a - a +1 hand axe
 p - a +1 dire flail of protection
 t - a +4 flail of draining (weapon)
Missiles
 e - 41 poisoned darts (quivered)
 r - 3 atropa-tipped darts
 v - 3 throwing nets
Armour
 b - a +1 kite shield (worn)
Jewellery
 k - an uncursed ring of resist corrosion {unknown}
 l - an amulet of guardian spirit (around neck)
Wands
 h - a wand of iceblast (10)
 q - a wand of enslavement (8)
 u - a wand of polymorph (2)
 w - a wand of paralysis (6)
Scrolls
 c - 2 scrolls of enchant weapon
 d - 3 scrolls of remove curse
 g - 2 scrolls of magic mapping
 i - 9 scrolls of identify
 n - 2 scrolls of teleportation
Potions
 f - 7 potions of curing
 j - a potion of stabbing {unknown}
 m - a potion of heal wounds
 o - 2 potions of degeneration {unknown}
 s - a potion of resistance {unknown}
 x - a potion of berserk rage {unknown}
 z - a potion of cancellation {unknown}
 A - a potion of might {unknown}
 B - a potion of brilliance


   Skills:
 + Level 7.4 Fighting
 + Level 7.4(8.7) Axes
 + Level 6.9(8.5) Maces & Flails
 + Level 1.4 Throwing
 + Level 5.5 Dodging
 + Level 2.7 Stealth
 + Level 4.9 Shields
 + Level 1.2 Unarmed Combat


You had 8 spell levels left.
You didn't know any spells.
Your spell library was empty.

Dungeon Overview and Level Annotations

Branches:
Dungeon (8/15)             Temple (0/1) D:4         Ossuary (visited)
   Lair: D:8-11

Altars:
Elyvilon
Makhleb
The Shining One


Innate Abilities, Weirdness & Mutations

You can breathe blasts of scalding, opaque steam.
Your pale cyan-grey scales are hard. (AC +7)
You cannot fit into any form of body armour.
You are cold-blooded and may be slowed by cold attacks.


Message History

The scorpion barely misses you.
You fail to use your ability.
You block the two-headed ogre's attack. The two-headed ogre closely misses you.
The orc wizard points at you and mumbles some strange words.
The magic dart hits you but does no damage.
The scorpion stings you but does no damage.
The orc wizard gestures wildly while chanting.
The orc wizard seems to speed up.
You block the scorpion's attack.
Unknown command.
You thump the orc wizard!
The orc wizard is severely wounded.
You block the two-headed ogre's attack.
The two-headed ogre hits you with a +0 giant spiked club!
* * * LOW HITPOINT WARNING * * *
The orc wizard hits you but does no damage.
The scorpion stings you.
* * * LOW HITPOINT WARNING * * *
The orc wizard hits you but does no damage.
The two-headed ogre hits you with a +0 giant club!
You die...

#......... #.###..###
#.###...## #......### ####
###...#... ##..###.....##..
####....##.....#...
#.#....##..........
##.@..#.#...........
#.soO...##........#.
##...........#....#.
##......<...#....#.
########......##..#...#.
###.##..............#.....
#####................#........
#................._..#........
##......................#......


You could see a two-headed ogre, a scorpion and an orc wizard (fast).

Vanquished Creatures
  Harold (D:7)
  Pikel (D:6)
  A hornet (D:7)
  Grinder (D:6)
  Edmund (D:6)
  2 ice beasts
  An orc warrior (D:6)
  A necrophage (D:7)
  An ogre (D:6)
  A centaur (D:6)
  2 bullfrogs
  A water moccasin zombie (D:5)
  A gnoll sergeant (D:6)
  3 scorpions (D:6)
  A wyvern skeleton (D:8)
  4 howler monkeys
  A hound (D:7)
  A jelly (D:7)
  3 centaur skeletons
  3 orc priests
  5 orc wizards
  3 iguanas
  5 worker ants
  2 killer bee zombies
  A big kobold zombie (Ossuary)
  A hound zombie (D:7)
  A hound skeleton (D:8)
  8 mummies (Ossuary)
  5 adders
  4 gnolls (D:6)
  2 shadow imps
  A white imp (D:7)
  2 ufetubi
  An ooze (D:1)
  An adder skeleton (D:7)
  2 worms
  3 dart slugs (D:1)
  5 leopard geckos
  16 orcs
  3 giant cockroaches
  3 goblins
  9 hobgoblins
  12 jackals
  2 ball pythons
  3 bats
  4 frilled lizards
  2 kobolds (D:1)
  5 kobold zombies (Ossuary)
  A leopard gecko zombie (D:5)
  2 orc zombies (Ossuary)
  A quokka zombie (D:4)
  11 rats
157 creatures vanquished.

Notes
Turn   | Place    | Note
-------+----------+-------------------------------------------
     0 | D:1      | Eifo4Ohj9gu9Dob0ohLe the Draconian Berserker began the
                  | quest for the Orb.
     0 | D:1      | Reached XP level 1. HP: 19/19 MP: 1/1
    85 | D:1      | Reached XP level 2. HP: 24/26 MP: 2/2
   479 | D:1      | Found a burning altar of Makhleb.
   587 | D:1      | Reached XP level 3. HP: 28/31 MP: 3/3
   752 | D:1      | Reached ** piety under Trog
  1420 | D:3      | Reached XP level 4. HP: 40/40 MP: 4/4
  1922 | D:4      | Noticed a bullfrog
  1928 | D:4      | Reached XP level 5. HP: 21/46 MP: 2/5
  2410 | D:4      | Reached *** piety under Trog
  2410 | D:4      | Reached skill level 5 in Axes
  2410 | D:4      | Reached XP level 6. HP: 24/53 MP: 3/6
  2654 | D:4      | Found a staircase to the Ecumenical Temple.
  2668 | D:4      | HP: 2/53 [orc priest/divine providence (11)]
  3169 | D:5      | Entered Level 5 of the Dungeon
  3182 | D:5      | Reached skill level 1 in Stealth
  3797 | D:5      | Noticed an ice beast
  3807 | D:5      | Killed an ice beast
  3807 | D:5      | Reached skill level 5 in Fighting
  3807 | D:5      | Reached skill level 1 in Shields
  3807 | D:5      | Your scales start taking on a pale cyan-grey colour.
  3807 | D:5      | Reached XP level 7. HP: 61/61 MP: 7/7
  3954 | D:6      | Noticed Edmund
  3960 | D:6      | Killed Edmund
  4112 | D:6      | Reached skill level 1 in Maces & Flails
  4112 | D:6      | Reached skill level 1 in Throwing
  4112 | D:6      | Reached XP level 8. HP: 69/69 MP: 8/8
  4177 | D:6      | Noticed Pikel
  4185 | D:6      | Killed Pikel
  4300 | D:6      | Reached **** piety under Trog
  4311 | D:6      | Noticed Grinder
  4321 | D:6      | Killed Grinder
  4394 | D:6      | Reached XP level 9. HP: 50/78 MP: 5/9
  4683 | D:6      | Reached skill level 5 in Maces & Flails
  4965 | D:7      | Reached skill level 1 in Unarmed Combat
  4976 | D:7      | Found a white marble altar of Elyvilon.
  5009 | D:7      | Reached skill level 5 in Dodging
  5078 | D:7      | Noticed Harold
  5098 | D:7      | Killed Harold
  5392 | D:7      | Found a sand-covered staircase.
  5412 | Ossuary  | Entered an ossuary
  5899 | D:7      | Found a glowing golden altar of the Shining One.
  6133 | D:8      | Noticed a two-headed ogre
  6139 | D:8      | Reached ***** piety under Trog
  6145 | D:7      | HP: 1/79 [two-headed ogre/+0 giant club (22)]
  6150 | D:7      | Slain by a two-headed ogre

Illustrated notes

Levels and vault maps discovered:
D:1:      eino_arrival_cavern_b, layout_basic, kennysheep_flooded_box
D:2:      layout_basic, grunt_decor_arrowhead, kennysheep_okawaru_gauntlet
D:3:      layout_basic, hex_large
D:4:      layout_basic, minmay_temple_entry_proselytizer
D:5:      layout_rooms
D:6:      layout_loops_ring, uniq_pikel, uniq_edmund, uniq_grinder
D:7:      layout_cave_pools, nicolae_overflow_crystal_walls, basic_altar,
          enter_ossuary_2, uniq_harold
D:8:      layout_rooms

Skill      XL: |  1  2  3  4  5  6  7  8  9 |
---------------+----------------------------+-----
Dodging        | 3 4 5 |  5.5
Axes           | 4 5 6 7 |  7.4
Fighting       | 4 5 6 7 |  7.4
Stealth        | 1 2 |  2.7
Shields        | 1 2 3 4 |  4.9
Maces & Flails | 1 4 6 |  6.9
Throwing       | 1 |  1.4
Unarmed Combat | 1 |  1.2

Action                   |  1- 3 |  4- 6 |  7- 9 || total
-------------------------+-------+-------+-------++-------
Melee: Hand axe          |   118 |   132 |     8 ||   258
       Tailslap          |    10 |    11 |    36 ||    57
       Flail             |       |       |   220 ||   220
       Unarmed           |       |       |     8 ||     8
Throw: Dart              |     5 |     3 |     4 ||    12
Invok: Berserk           |     2 |     5 |     7 ||    14
       Trog's Hand       |       |       |     1 ||     1
 Abil: Breathe Steam     |       |       |     8 ||     8
  Use: Scroll            |       |     6 |     7 ||    13
       Potion            |       |     6 |     1 ||     7
 Stab: Sleeping          |     2 |       |       ||     2
       Confused          |       |       |     1 ||     1
Armor: Skin              |    31 |    50 |    51 ||   132
Dodge: Dodged            |    91 |    66 |   102 ||   259
Block: Kite shield       |       |    26 |   110 ||   136

Table legend: (Time is in decaauts)
 A = Elapsed time spent in this place.
 B = Non-inter-level travel time spent in this place.
 C = Inter-level travel time spent in this place.
 D = Time resting spent in this place.
 E = Time spent auto-exploring this place.
 F = Levels seen in this place.
 G = Mean time per level.
                   A        B        C        D        E       F      G
               +--------+--------+--------+--------+--------+-----+--------+
         Total |   6304 |   6281 |     23 |   2159 |   1339 |   9 |  700.4 |
       Dungeon |   5827 |   5804 |     23 |   1898 |   1339 |   8 |  728.4 |
       Ossuary |    477 |    477 |      0 |    261 |      0 |   1 |  477.0 |
               +--------+--------+--------+--------+--------+-----+--------+

Top non-repeatable levels by time:
     D:4: 1385 daAuts
     D:6: 1036 daAuts
     D:1: 1009 daAuts
     D:5: 812 daAuts
     D:7: 746 daAuts
     D:3: 575 daAuts
 Ossuary: 477 daAuts
     D:2: 253 daAuts
     D:8: 7 daAuts
